 Dungeon Crawl Stone Soup version 0.14.0-12-g87ee3b7 (console) character file.

529 Rikelek the Insei (level 5, -6/40 HPs)
             Began as a Draconian Transmuter on Apr 14, 2014.
             Mangled by a worker ant (7 damage)
             ... on Level 4 of the Dungeon.
             The game lasted 00:09:55 (2924 turns).

Rikelek the Insei (Draconian Transmuter)            Turns: 2924, Time: 00:09:55

HP  -6/40        AC  6     Str 12      XL: 5   Next: 78%
MP   8/9         EV 12     Int 14      God:
Gold 291         SH  0     Dex 12      Spells:  2 memorised,  4 levels left

rFire  . . .     SeeInvis .       - Unarmed
rCold  . . .     Clarity  .     (armour unavailable)
rNeg   . . .     Conserve .     (no shield)
rPois  .         rCorr    .     (helmet restricted)
rElec  .         rRot     .     p - +0 cloak (curse)
SustAb . .       Spirit   .     (no gloves)
rMut   .         Warding  .     (no boots)
Saprov . . .     Stasis   .     (no amulet)
MR     .....                    (no ring)
                                (no ring)

@: lethally poisoned, not resistant to hostile enchantments, unstealthy
A: unfitting armour, AC +5
a: no special abilities


You were on level 4 of the Dungeon.
You were not hungry.

You visited 1 branch of the dungeon, and saw 4 of its levels.

You collected 291 gold pieces.

Inventory:

Missiles
 b - 12 arrows
Armour
 p - a cursed +0 cloak (worn)
Comestibles
 a - 3 bread rations
 k - a choko
 l - 3 apples
 o - 2 pears
 t - an apricot
 v - 5 rotting chunks of ogre flesh
 C - 2 chunks of hobgoblin flesh
Scrolls
 f - a scroll of fear {unknown}
 i - 4 scrolls of teleportation {unknown}
 m - a scroll of noise {unknown}
 n - 3 scrolls of identify {unknown}
 r - 2 scrolls of amnesia {unknown}
 x - 2 scrolls of remove curse {unknown}
 y - a scroll of magic mapping {unknown}
 z - a scroll of fog {unknown}
Jewellery
 c - an uncursed ring of poison resistance {unknown}
 h - an uncursed amulet of warding {unknown}
 u - an uncursed ring of protection from magic {unknown}
Potions
 e - a potion of resistance {unknown}
 g - a potion of mutation {unknown}
 j - a potion of might {unknown}
 q - 2 potions of heal wounds {unknown}
 s - a potion of agility {unknown}
 w - 2 potions of restore abilities {unknown}
 A - a potion of poison
 B - a potion of haste {unknown}
Books
 d - a book of Changes

   Spells                             Type                      Level
   *Beastly Appendage                 Transmutation                1
   Sticks to Snakes                   Transmutation                2
   *Spider Form                       Transmutation/Poison         3
   Ice Form                           Ice/Transmutation            4
   Blade Hands                        Transmutation                5


   Skills:
 - Level 1.1 Fighting
 - Level 1.7 Dodging
 + Level 5.8 Unarmed Combat
 - Level 2.0 Spellcasting
 + Level 3.6 Transmutations


You had 4 spell levels left.
You knew the following spells:

 Your Spells              Type           Power        Failure   Level  Hunger
a - Beastly Appendage     Trmt           ##....       6%          1    ##.....
b - Spider Form           Trmt/Pois      #.........   38%         3    ####...


Dungeon Overview and Level Annotations

Branches:
Dungeon (4/15)
 Temple: D:4-7

Altars:
Fedhas

Shops:
D:4 (

Annotations:
D:3 1 exclusion, Blork the orc


Message History

You turn into a venomous arachnid creature.
Your cursed +0 cloak melds into your body.
The rat bites you but does no damage.
Your transformation is almost over.
The orc priest calls down the wrath of Beogh upon you.
Something smites you!
* * * LOW HITPOINT WARNING * * *
The rat twitches its whiskers.
The orc priest mumbles some strange prayers to Beogh against you.
Something smites you!
* * * LOW HITPOINT WARNING * * *
Your transformation has ended.
Your cursed +0 cloak unmelds from your body.
Drink which item? (? for menu, Esc to quit)
That liquid tasted very nasty...
You are lethally poisoned!
It was a potion of poison.
* * * LOW HITPOINT WARNING * * *
You feel sick. The worker ant bites you!
You die...

#.........# #...#
#.....o #..######.#
#...# ###..###.
#..# #.# #...#
#..o.# . ####..#
#.# #...# #.∩..# .
......# #.# #...#
#....# . ......#
#.# #...# ###r.# .
......# #.# #...#
#..# . ####..# #.#
#...# #s.# . #..#
#.# #...# #..# .
#..#
#.######...#####..#
#..#
#....da.s.r.oo....#
#..#
#..#####.........(#
#..# #..#
#...#####..# #..#
#..# #...# #..#
#..# #..# #...#
#..# #..# #..#
#...# #..# #..#
#..# #...# #..#
#..# #..# #...#
#..# #..# #..#
#...# . #..# #..#
#...# #..# #..#
#...#


You could see a worker ant, an orc priest, an orc, a giant cockroach and a rat.

Vanquished Creatures
  An ogre (D:4)
  A worker ant (D:4)
  Jessica (D:3)
  3 adders
  A giant mite (D:2)
  A worm (D:3)
  3 giant geckos
  2 orcs (D:4)
  13 bats
  A giant cockroach (D:1)
  17 goblins
  8 hobgoblins
  3 jackals (D:1)
  5 kobolds
  2 quokkas (D:2)
  5 giant newts
  9 rats
  A plant (D:1)
77 creatures vanquished.

Notes
Turn   | Place    | Note
--------------------------------------------------------------
     0 | D:1      | Rikelek, the Draconian Transmuter, began the quest for the Orb.
     0 | D:1      | Reached XP level 1. HP: 16/16 MP: 3/3
   157 | D:1      | Reached XP level 2. HP: 11/23 MP: 2/4
   609 | D:1      | Reached skill level 4 in Unarmed Combat
   768 | D:1      | Reached XP level 3. HP: 24/28 MP: 4/6
  1584 | D:3      | Reached XP level 4. HP: 27/35 MP: 5/7
  1733 | D:3      | Noticed Jessica
  1740 | D:3      | Reached skill level 5 in Unarmed Combat
  1753 | D:3      | Killed Jessica
  1880 | D:3      | Learned a level 3 spell: Spider Form
  2075 | D:3      | Found a blossoming altar of Fedhas.
  2244 | D:3      | Noticed Blork the orc
  2459 | D:4      | Reached XP level 5. HP: 32/40 MP: 7/9
  2533 | D:4      | Noticed an ogre
  2548 | D:4      | Killed an ogre
  2859 | D:4      | Found Stiaf's Weapon Shoppe.
  2912 | D:4      | HP: 2/40 [orc priest/divine providence (14)]
  2924 | D:4      | HP: 1/40 [poison (a potion of poison)]
  2924 | D:4      | Mangled by a worker ant

Action                   |  1- 3 |  4- 6 || total
-------------------------+-------+-------++-------
Melee: Unarmed           |   191 |    95 ||   286
 Cast: Beastly Appendage |    26 |     8 ||    34
       Spider Form       |       |     2 ||     2
 Abil: End Transformatio |       |     1 ||     1
  Use: Potion            |       |     1 ||     1
 Stab: Sleeping          |       |     1 ||     1
